 Dungeon Crawl Stone Soup version 0.29-a0-234-g0dae59b3db (webtiles) character file.

Game seed: 11871296259622155384

645 Hubjo the Sneak (level 7, -4/52 HPs)
             Began as a Vampire Enchanter on Mar 1, 2022.
             Was a High Priest of Ignis.
             Killed from afar by an acid dragon (31 damage)
             ... with a splash of acid
             ... on level 7 of the Dungeon on Mar 2, 2022.
             The game lasted 00:15:34 (4683 turns).

Hubjo the Sneak (Vampire Enchanter)                 Turns: 4683, Time: 00:15:34

Health: -4/52      AC:  5    Str:  7    XL:     7   Next: 27%
Magic:  10/10      EV: 13    Int: 18    God:    Ignis [*****.]
Gold:   250        SH:  0    Dex: 16    Spells: 4/10 levels left

rFire   + . .      SeeInvis +   d - +3 dagger (venom)
rCold   . . .      Faith    .   (no shield)
rNeg    . . .      Spirit   .   b - +0 robe
rPois   .          Reflect  .   g - +0 helmet
rElec   .          Harm     .   (no cloak)
rCorr   .          Rampage  .   c - +0 pair of gloves
Will    .....                   e - +0 pair of boots
Stlth   ++++......              (no amulet)
HPRegen 0.37/turn               h - ring of wizardry
MPRegen 0.12/turn               (no ring)

@: healing quickly
A: alive, fangs 3, see invisible, vampiric 2
a: Exsanguinate, Renounce Religion, Fiery Armour, Foxfire Swarm, Rising Flame


You were on level 7 of the Dungeon.
You worshipped Ignis.
Ignis was extremely pleased with you.
You visited 1 branch of the dungeon, and saw 7 of its levels.
You also visited: Sewer.

You collected 250 gold pieces.

Inventory:

Hand Weapons
 a - a +1 dagger
 d - a +3 dagger of venom (weapon)
 j - a +1 war axe of electrocution
Missiles
 l - 5 atropa-tipped darts (quivered)
Armour
 b - a +0 robe (worn)
 c - a +0 pair of gloves (worn)
 e - a +0 pair of boots (worn)
 g - a +0 helmet (worn)
Jewellery
 h - a ring of wizardry (left hand)
Wands
 m - a wand of flame (19)
Scrolls
 f - 2 scrolls of fog
 i - 2 scrolls of immolation {unknown}
 q - a scroll of enchant armour {unknown}
Potions
 k - a potion of attraction {unknown}
 n - a potion of curing
 o - a potion of ambrosia
 p - 2 potions of brilliance


   Skills:
 * Level 3.6 Fighting
 + Level 3.3 Short Blades
 + Level 3.9 Dodging
 * Level 7.9 Stealth
 - Level 2.0 Spellcasting
 + Level 6.0 Hexes


You had 4 spell levels left.
You knew the following spells:

 Your Spells              Type           Power      Damage    Failure   Level
a - Tukima's Dance        Hex            23%        N/A       1%          3
b - Dazzling Flash        Conj/Hex       24%        N/A       6%          3

Your spell library contained the following spells:

 Spells                   Type           Power      Damage    Failure   Level
 Confusing Touch          Hex            23%        N/A       1%          3
 Ensorcelled Hibernation  Hex/Ice        24%        N/A       3%          2
 Animate Skeleton         Necr           2%         N/A       8%          1
 Apportation              Tloc           2%         N/A       8%          1
 Summon Small Mammal      Summ           4%         N/A       8%          1
 Anguish                  Hex/Necr       6%         N/A       21%         4
 Iskenderun's Mystic Bla  Conj/Tloc      1%         2d3       54%         4
 Enfeeble                 Hex            11%        N/A       99%         7
 Starburst                Conj/Fire      0%         6d3       100%        6


Dungeon Overview and Level Annotations

Branches:
Dungeon (7/15)              Sewer (visited)
 Temple: D:4-7

Altars:
Qazlal
Ignis

Shops:
D:2 [


Innate Abilities, Weirdness & Mutations

Your natural rate of healing is accelerated.
You have razor-sharp teeth.
You have supernaturally acute eyesight. (SInv)
You are afflicted with vampirism and can become a bat while bloodless.


Message History

The kobold closely misses you.
You barely miss the kobold. The kobold barely misses you.
You hit the kobold. You bite the kobold.
You kill the kobold!
Things that are here:
a +0 whip; 4 stones; a kobold corpse You hear the faint creaking of a portcullis nearby.
An acid dragon comes into view.
The acid dragon roars!
The acid dragon closely misses you. The acid dragon barely misses you.
You hit the acid dragon.
The acid dragon is lightly wounded.
The acid dragon closely misses you.
The acid dragon claws you but does no damage.
You hit the acid dragon but do no damage.
The acid dragon is lightly wounded.
You hit the acid dragon.
The acid dragon is moderately wounded.
The acid dragon bites you but does no damage.
The acid dragon claws you but does no damage.
You hit the acid dragon.
The acid dragon is moderately wounded.
The acid dragon bites you! The acid dragon claws you.
You hit the acid dragon but do no damage.
You bite the acid dragon.
The acid dragon is heavily wounded.
An ice beast comes into view.
The acid dragon bites you! The acid dragon barely misses you.
You hit the acid dragon but do no damage.
The acid dragon is heavily wounded.
The acid dragon completely misses you. The acid dragon claws you.
You hit the acid dragon.
The acid dragon is heavily wounded.
The acid dragon bites you! The acid dragon claws you.
You are too injured to fight recklessly!
It was a potion of curing.
You feel better. The acid dragon spits acid at you.
The splash of acid hits you!!
Ouch! That really hurt!
You die...

#..# #.# #..#
# #..#
#)####).#.#.#
...#
#....).)....#
##.#
######.##.###
# .. #.# # #
#.# #.#
#######.#
#..YD@.##
#.######


You could see an acid dragon (catching breath) and an ice beast.

Vanquished Creatures
  A phantom (D:5)
  A kobold brigand (D:7)
  A bullfrog (Sewer)
  A scorpion (D:5)
  2 howler monkeys
  2 hounds
  3 iguanas
  6 adders
  An ufetubus (D:3)
  A worm (D:3)
  A dart slug (D:5)
  4 orcs
  7 endoplasms
  9 giant cockroaches
  5 goblins
  7 hobgoblins
  7 kobolds
  9 quokkas
  11 ball pythons
  8 bats
  5 frilled lizards (Sewer)
  5 rats
97 creatures vanquished.

Vanquished Creatures (others)
  A fungus (D:5)
  A plant (D:5)
2 creatures vanquished.

Grand Total: 99 creatures vanquished

Notes
Turn   | Place    | Note
-------+----------+-------------------------------------------
     0 | D:1      | Hubjo the Vampire Enchanter began the quest for the Orb.
     0 | D:1      | Reached XP level 1. HP: 13/13 MP: 3/3
   138 | D:1      | Found a faded altar of an unknown god.
   303 | D:1      | Prayed at the altar of an unknown god.
   303 | D:1      | Became a worshipper of Ignis, the Dying Flame
   496 | D:1      | Reached XP level 2. HP: 20/20 MP: 5/5
   873 | D:2      | Found Wepulots's Armour Emporium.
   927 | D:2      | Reached skill level 5 in Stealth
   936 | D:2      | Reached skill level 1 in Fighting
  1168 | D:2      | Gained mutation: You are afflicted with vampirism and can
                  | become a bat while bloodless. [Vampire growth]
  1168 | D:2      | Reached XP level 3. HP: 7/26 MP: 6/6
  1172 | D:2      | Learned a level 3 spell: Tukima's Dance
  1176 | D:2      | Learned a level 3 spell: Dazzling Flash
  1725 | D:3      | Found a glowing drain.
  1958 | Sewer    | Entered a sewer
  2063 | Sewer    | Reached XP level 4. HP: 32/32 MP: 7/7
  2737 | Sewer    | Noticed a bullfrog
  2738 | Sewer    | Noticed a bullfrog
  2750 | Sewer    | Killed a bullfrog
  2751 | Sewer    | Reached skill level 6 in Stealth
  2751 | Sewer    | Reached skill level 5 in Hexes
  2751 | Sewer    | Reached XP level 5. HP: 23/39 MP: 5/8
  3690 | D:5      | Entered Level 5 of the Dungeon
  3713 | D:5      | Noticed a water moccasin
  3722 | D:5      | Noticed an ogre
  3751 | D:5      | Reached XP level 6. HP: 25/46 MP: 9/9
  4103 | D:5      | Reached skill level 7 in Stealth
  4285 | D:5      | Upgraded the game from 0.29-a0-233-g1125b37a9b to
                  | 0.29-a0-234-g0dae59b3db
  4546 | D:6      | Found a stormy altar of Qazlal.
  4588 | D:6      | Noticed a water elemental
  4589 | D:6      | Noticed an air elemental
  4589 | D:6      | Noticed a fire elemental
  4606 | D:6      | Reached XP level 7. HP: 45/52 MP: 10/10
  4683 | D:7      | Killed from afar by an acid dragon

Illustrated notes

Levels and vault maps discovered:
D:1:      elethiomel_arrival_quiet, layout_loops_cross,
          hellmonk_ecumenical_altar_heavens_door
D:2:      layout_loops_ring, serial_shops, shop_fountains
D:3:      layout_basic, portal_sewer_entry_a, minmay_misc_feat_rugged,
          roderic_lattice_a
D:4:      layout_rooms
D:5:      lemuel_castle_with_subvaults [lemuel_castle_interior_carwin_1],
          layout_rooms
D:6:      layout_basic, nicolae_qazlal_style_of_elements,
          minmay_temple_entry_poolview, uniq_crazy_yiuf_cottage
D:7:      layout_loops_ring, grunt_temple_overflow_opulence, enter_bailey_6,
          uniq_pikel

Skill      XL: |  1  2  3  4  5  6  7 |
---------------+----------------------+-----
Stealth        | 5 6 7 |  7.9
Fighting       | 1 2 3 |  3.6
Short Blades   | 2 3 |  3.3
Dodging        | 3 |  3.9
Hexes          | 5 6 |  6.0
Spellcasting   | |  2.0

Action                   |  1- 3 |  4- 6 |  7- 9 || total
-------------------------+-------+-------+-------++-------
Melee: Dagger            |   140 |   209 |    24 ||   373
       Bite              |     6 |    23 |     4 ||    33
       Punch             |       |     1 |       ||     1
 Cast: Dazzling Flash    |     1 |     2 |       ||     3
  Use: Scroll            |     4 |     9 |       ||    13
       Potion            |       |     7 |     1 ||     8
 Stab: Sleeping          |    12 |     7 |     1 ||    20
       Invisible         |       |     1 |       ||     1
Armor: Robe              |    40 |    51 |     7 ||    98
Dodge: Dodged            |    96 |   237 |    17 ||   350

Table legend: (Time is in decaauts)
 A = Elapsed time spent in this place.
 B = Non-inter-level travel time spent in this place.
 C = Inter-level travel time spent in this place.
 D = Time resting spent in this place.
 E = Time spent auto-exploring this place.
 F = Levels seen in this place.
 G = Mean time per level.
                   A        B        C        D        E       F      G
               +--------+--------+--------+--------+--------+-----+--------+
         Total |   4752 |   4460 |    292 |    695 |   2125 |   8 |  594.0 |
       Dungeon |   3835 |   3543 |    292 |    484 |   2125 |   7 |  547.9 |
         Sewer |    917 |    917 |      0 |    211 |      0 |   1 |  917.0 |
               +--------+--------+--------+--------+--------+-----+--------+

Top non-repeatable levels by time:
     D:3: 1167 daAuts
   Sewer: 917 daAuts
     D:1: 870 daAuts
     D:2: 811 daAuts
     D:5: 637 daAuts
     D:6: 280 daAuts
     D:7: 60 daAuts
     D:4: 7 daAuts
